 Dungeon Crawl Stone Soup version 0.21-a0-157-gb89e0e2 (webtiles) character file.

25 Goblin1989 the Poker (level 2, 0/22 HPs)
             Began as a Demonspawn Skald on Aug 4, 2017.
             Slain by a jackal (2 damage)
             ... on level 1 of the Dungeon.
             The game lasted 00:01:57 (1167 turns).

Goblin1989 the Poker (Demonspawn Skald)             Turns: 1167, Time: 00:01:57

Health: 0/22       AC:  0    Str: 11    XL:     2   Next: 82%
Magic:  0/5        EV: 12    Int: 14    God:
Gold:   39         SH:  0    Dex: 12    Spells: 4/5 levels left

rFire    . . .     SeeInvis .   f - -2 spear (curse)
rCold    . . .     Gourm    .   (no shield)
rNeg     . . .     Faith    .   k - -2 robe (curse)
rPois    .         Spirit   +   (no helmet)
rElec    .         Reflect  .   (no cloak)
rCorr    .         Harm     .   (no gloves)
MR       .....                  (no boots)
Stlth    +.........             (no amulet)
HPRegen  0.07/turn              (no ring)
MPRegen  0.09/turn              (no ring)

@: no status effects
A: magic shield
a: no special abilities


You were on level 1 of the Dungeon.
You were not hungry.

You visited 1 branch of the dungeon, and saw 1 of its levels.

You collected 39 gold pieces.

Inventory:

Hand Weapons
 a - a +0 spear
 f - a cursed -2 spear (weapon)
Armour
 b - a +0 leather armour
 k - a cursed -2 robe (worn)
Scrolls
 l - a scroll of identify {unknown}
Potions
 i - a potion of degeneration {unknown}
 j - a potion of lignification {unknown}
Books
 c - a book of Battle

   Spells                             Type                      Level
   a - Infusion                       Charms                       1
   b - Shroud of Golubria             Charms/Translocation         2
   c - Song of Slaying                Charms                       2
   d - Spectral Weapon                Hexes/Charms                 3
   e - Regeneration                   Charms/Necromancy            3
Comestibles
 e - a bread ration {@e1}


   Skills:
 - Level 2.0 Fighting
 + Level 3.1 Polearms
 - Level 0.8 Armour
 - Level 1.7 Dodging
 - Level 2.0 Spellcasting
 - Level 2.6 Charms


You had 4 spell levels left.
You knew the following spells:

 Your Spells              Type           Power        Failure   Level  Hunger
a - Infusion              Chrm           #...         8%          1    ##.....


Dungeon Overview and Level Annotations

Branches:
Dungeon (1/15)

Altars:


Innate Abilities, Weirdness & Mutations

When hurt, damage is shared between your health and your magic reserves.


Message History

You see here a hand axe.
You see here a hand axe.
MP restored: 5 You see here a bat corpse.
You butcher the bat corpse.
m - a chunk of flesh You start resting.
Eating a chunk of flesh.
You eat the chunk of flesh.
This raw flesh tastes terrible.
HP restored.
Health restored: 22
Things that are here:
a dagger; 5 steel tomahawks; a kobold skeleton A ball python and a rat come into view.
The ball python hisses angrily.
A jackal comes into view.
The jackal barks!
You hit the ball python.
You kill the ball python!
Your Polearms skill increases to level 3!
A jackal comes into view.
A jackal comes into view.
A ball python comes into view.
You see here a ball python corpse.
You closely miss the jackal.
The jackal pauses to sniff the ground.
The ball python moves out of view.
The jackal completely misses you. The rat misses you.
A hobgoblin comes into view.
You hit the jackal but do no damage. The jackal bites you.
The rat closely misses you.
You take 3 damage, and have 19/22 hp.
You barely miss the jackal. The jackal bites you.
You take 1 damage, and have 18/22 hp.
You now have 4/5 mp.
You barely miss the jackal.
The ball python hisses angrily.
The jackal closely misses you. The rat barely misses you.
The jackal misses you. The jackal bites you.
You take 2 damage, and have 16/22 hp.
You closely miss the jackal. The jackal barely misses you. The rat bites you.
The jackal misses you. The jackal bites you. x2
You take 5 damage, and have 11/22 hp.
MASSIVE DAMAGE!!
You now have 2/5 mp.
You are too injured to fight recklessly!
You are too injured to fight recklessly!
You are too injured to fight recklessly!
You are too injured to fight recklessly!
You are too injured to fight recklessly!
You are too injured to fight recklessly!
You are too injured to fight recklessly!
You are too injured to fight recklessly!
You are too injured to fight recklessly!
You are too injured to fight recklessly!
You are too injured to fight recklessly!
You are too injured to fight recklessly!
You are too injured to fight recklessly!
You are too injured to fight recklessly!
You are too injured to fight recklessly!
You are too injured to fight recklessly!
You are too injured to fight recklessly!
You are too injured to fight recklessly!
You are too injured to fight recklessly!
You are too injured to fight recklessly!
You are too injured to fight recklessly!
You are too injured to fight recklessly!
You are too injured to fight recklessly!
You are too injured to fight recklessly!
You are too injured to fight recklessly!
The jackal bites you. The jackal barely misses you.
You take 1 damage, and have 10/22 hp.
You now have 1/5 mp.
The jackal bites you.
* * * LOW HITPOINT WARNING * * *
You take 2 damage, and have 8/22 hp.
The jackal barely misses you.
You hit the jackal.
The jackal is severely wounded.
The jackal barely misses you.
You hit the jackal.
You kill the jackal!
You closely miss the jackal. The jackal bites you.
* * * LOW HITPOINT WARNING * * *
The jackal misses you.
You take 1 damage, and have 7/22 hp.
You hit the jackal.
The jackal is heavily wounded.
The jackal closely misses you.
You hit the jackal.
You kill the jackal!
You closely miss the jackal. The jackal bites you.
* * * LOW HITPOINT WARNING * * *
The jackal bites you.
* * * LOW HITPOINT WARNING * * *
You take 4 damage, and have 3/22 hp.
You now have 1/5 mp.
You hit the jackal but do no damage. The jackal misses you.
You closely miss the jackal. The jackal bites you.
* * * LOW HITPOINT WARNING * * *
You take 1 damage, and have 2/22 hp.
You hit the jackal but do no damage. The jackal barely misses you.
The jackal closely misses you.
You closely miss the jackal. The jackal bites you.
You die... ████████.█ ██.█ █.████████.█ .........█ █.█ █..........█ ██████████ █.█ █.███████..█ █.█ █.█ █..█ █.█ █.█ █..█ ████

█.█ █.█ █..█ ...█ █.█ █.█ █..█
...██████████.███.███████..█
.............gSh@..........█
..8...8..████.r██.███████.███████
█...█... █...██.█ █............
██.██ █ █..†██.█ █......██████
█...█ █....█.█ █......█ ..8...
..S....█.█ █......█
█...█...........█.█ █......█
██.███............█


████████ █ .. ........█..█ You could see a jackal, a hobgoblin, a ball python
and a rat.

Vanquished Creatures
  A dart slug (D:1)
  2 ball pythons (D:1)
  6 bats (D:1)
  2 hobgoblins (D:1)
  2 jackals (D:1)
  2 frilled lizards (D:1)
  2 goblins (D:1)
  3 kobolds (D:1)
  A rat (D:1)
21 creatures vanquished.

Notes
Turn   | Place    | Note
-------+----------+-------------------------------------------
     0 | D:1      | Goblin1989 the Demonspawn Skald began the quest for the Orb.
     0 | D:1      | Reached XP level 1. HP: 16/16 MP: 3/3
    74 | D:1      | Reached skill level 2 in Polearms
   386 | D:1      | Gained mutation: When hurt, damage is shared between your health and your magic reserves. [demonic ancestry]
   386 | D:1      | Reached XP level 2. HP: 22/22 MP: 5/5
  1147 | D:1      | Reached skill level 3 in Polearms
  1167 | D:1      | Slain by a jackal

Vault maps used:
D:1:      dpeg_arrival_lava_temple_mockup, minmay_misc_feat_four_crosses

Skill      XL: |  1  2 |
---------------+-------+-----
Polearms       | 2 3 |  3.1
Fighting       | |  2.0
Armour         | |  0.8
Dodging        | |  1.7
Spellcasting   | |  2.0
Charms         | |  2.6

Action                   || total
-------------------------++-------
Melee: Spear             ||   150
  Use: Scroll            ||     1
 Stab: Sleeping          ||     1
  Eat: Chunk             ||     1
Armor: Leather armour    ||    32
Dodge: Dodged            ||    83

Vault maps used:
D:1:      dpeg_arrival_lava_temple_mockup, minmay_misc_feat_four_crosses
